 Dungeon Crawl Stone Soup version 0.17.1-1-g73c8601 (webtiles) character file.

273 Flanowski the Covered (level 6, -4/55 HPs)
             Began as a Minotaur Fighter on Jan 3, 2016.
             Slain by a sky beast (6 damage)
             ... on level 5 of the Dungeon.
             The game lasted 00:03:20 (1423 turns).

Flanowski the Covered (Minotaur Fighter)            Turns: 1423, Time: 00:03:20

Health: -4/55      AC:  7    Str: 22    XL:     6   Next: 2%
Magic:  5/5        EV:  8    Int:  5    God:
Gold:   197        SH:  9    Dex: 10    Spells: 0 memorised, 5 levels left

rFire  . . .     SeeInvis .     a - +0 war axe
rCold  . . .     Clarity  .     b - +0 scale mail
rNeg   . . .     SustAt   .     c - +0 shield
rPois  .         Gourm    .     (helmet restricted)
rElec  .         Spirit   .     (no cloak)
rCorr  .         Warding  .     (no gloves)
rMut   .         Stasis   .     (no boots)
MR     .....                    (no amulet)
Stlth  ..........               (no ring)
                                (no ring)

@: not resistant to hostile enchantments, extremely unstealthy
A: retaliatory headbutt, horns 2
a: no special abilities


You were on level 5 of the Dungeon.
You were not hungry.

You visited 1 branch of the dungeon, and saw 4 of its levels.

You collected 197 gold pieces.

Inventory:

Hand Weapons
 a - a +0 war axe (weapon)
Armour
 b - a +0 scale mail (worn)
 c - a +0 shield (worn)
Scrolls
 f - a scroll of recharging {unknown}
 h - a scroll of magic mapping {unknown}
 i - a scroll of fear {unknown}
 k - a scroll of enchant weapon {unknown}
 m - 2 scrolls of identify {unknown}
 p - a scroll of fog {unknown}
 r - a scroll of enchant armour {unknown}
 s - a scroll of vulnerability {unknown}
Potions
 d - 2 potions of might
 g - 2 potions of flight {unknown}
 l - a potion of invisibility
 o - 2 potions of curing {unknown}
 q - a potion of agility {unknown}
 t - a potion of cancellation {unknown}
Comestibles
 e - 3 bread rations
 j - a meat ration


   Skills:
 * Level 4.9 Fighting
 + Level 3.7 Axes
 * Level 5.6 Armour
 + Level 2.1 Dodging
 + Level 0.8 Stealth
 + Level 4.2 Shields


You had 5 spell levels left.
You didn't know any spells.

Dungeon Overview and Level Annotations

Branches:
Dungeon (5/15)
 Temple: D:4-7

Altars:
Fedhas


Innate Abilities, Weirdness & Mutations

You reflexively headbutt those who attack you in melee.
You have a pair of horns on your head.


Message History

* * * LOW HITPOINT WARNING * * *
You closely miss the sky beast.
The sky beast is moderately wounded.
The sky beast barely misses you. You furiously retaliate!
You headbutt the sky beast.
The sky beast hits you but does no damage.
Unknown command.
Your shield and scale mail prevent you from hitting the sky beast.
Your headbutt misses the sky beast.
The sky beast is heavily wounded.
The sky beast flickers out of sight!
Deactivating autopickup; reactivate with Ctrl-A.
Something hits you.
* * * LOW HITPOINT WARNING * * *
Something shocks you.
* * * LOW HITPOINT WARNING * * *
You barely miss something. Your headbutt misses something. Something hits you.
* * * LOW HITPOINT WARNING * * *
Something shocks you.
You die...

## #####.#.# .####
....#.#.# PP..###
...)#... PPP...#
....#.. _PP##.######
......# #
P.P........##......#.#
.P..######...####{...#
##### ###.##.@.#
###....####..
######............ ##
#....(.###...#####
.####.########.#.#
...#..#######..#..#
##.........##.###..#
..(.######.......#.#
.....# ##.####.....


There were no monsters in sight!

Vanquished Creatures
  Sigmund (D:2)
  Terence (D:2)
  Natasha (twice) (D:2)
  3 oozes
  2 worms (D:3)
  A giant gecko (D:2)
  An orc (D:3)
  2 bats
  2 giant cockroaches (D:1)
  2 goblins
  4 hobgoblins (D:1)
  2 jackals (D:2)
  7 kobolds
  2 quokkas (D:2)
  3 giant newts (D:1)
  A quokka skeleton (D:5)
  4 rats (D:1)
  2 fungi (D:1)
42 creatures vanquished.

Notes
Turn   | Place    | Note
--------------------------------------------------------------
     0 | D:1      | Flanowski the Minotaur Fighter began the quest for the Orb.
     0 | D:1      | Reached XP level 1. HP: 19/19 MP: 0/0
   153 | D:1      | Reached XP level 2. HP: 16/27 MP: 1/1
   195 | D:1      | Reached skill level 4 in Armour
   772 | D:2      | Noticed Natasha
   778 | D:2      | Reached XP level 3. HP: 28/33 MP: 2/2
   780 | D:2      | Killed Natasha
   802 | D:2      | Noticed Natasha
   807 | D:2      | Killed Natasha
   807 | D:2      | Reached XP level 4. HP: 30/41 MP: 3/3
   902 | D:2      | Noticed Sigmund
   916 | D:2      | Killed Sigmund
   916 | D:2      | Reached skill level 5 in Armour
   916 | D:2      | Reached skill level 1 in Dodging
   916 | D:2      | Reached XP level 5. HP: 26/47 MP: 4/4
   941 | D:2      | Noticed Terence
   949 | D:2      | Killed Terence
  1264 | D:3      | Reached XP level 6. HP: 46/55 MP: 5/5
  1293 | D:3      | You fall through a shaft for 2 floors!
  1293 | D:5      | Entered Level 5 of the Dungeon
  1301 | D:5      | Found a blossoming altar of Fedhas.
  1423 | D:5      | HP: 2/55 [something (3)]
  1423 | D:5      | Slain by a sky beast

Action                   |  1- 3 |  4- 6 || total
-------------------------+-------+-------++-------
Melee: War axe           |    57 |    79 ||   136
  Eat: Chunk             |       |     2 ||     2
